 Dungeon Crawl Stone Soup version 0.19-a0-1714-gcab94ab (console) character file.

196 vible the Cutter (level 6, 0/42 HPs)
             Began as a Halfling Assassin on Sept 27, 2016.
             Slain by Grinder (9 damage)
             ... on level 3 of the Dungeon on Sept 28, 2016.
             The game lasted 00:09:30 (2159 turns).

vible the Cutter (Halfling Assassin)                Turns: 2159, Time: 00:09:31

Health: 0/42       AC: 14    Str: 14    XL:     6   Next: 4%
Magic:  6/6        EV: 13    Int:  9    God:
Gold:   150        SH:  0    Dex: 16    Spells: 0 memorised, 5 levels left

rFire  + . .     SeeInvis .     a - +1 dagger (venom)
rCold  . . .     Gourm    .     A - +1 ring mail {rF+}
rNeg   . . .     Faith    .     (shield restricted)
rPois  +         Spirit   .     z - +0 helmet
rElec  .         Dismiss  .     d - +0 cloak
rCorr  .         Reflect  .     (no gloves)
MR     .....     Harm     .     (no boots)
Stlth  ++........               (no amulet)
                                P - ring of poison resistance
                                O - +5 ring of protection

@: no status effects
A: mutation resistance 1
a: no special abilities


You were on level 3 of the Dungeon.
You were not hungry.

You visited 1 branch of the dungeon, and saw 3 of its levels.

You collected 150 gold pieces.


Innate Abilities, Weirdness & Mutations

You are small and have problems with some larger weapons.
You are somewhat resistant to further mutation.


   Skills:
 * Level 3.3 Fighting
 - Level 4.8 Short Blades
 + Level 2.6 Throwing
 + Level 2.1 Dodging
 - Level 4.3 Stealth


You had 5 spell levels left.
You didn't know any spells.

Inventory:

Hand Weapons
 a - a +1 dagger of venom (weapon)
 b - a +0 blowgun {@w1}
 p - a +2 dagger
 w - a +0 falchion
Missiles
 e - 3 poisoned needles
 f - 2 curare-tipped needles {!f}
 i - 62 stones (quivered)
Armour
 c - a +0 robe
 d - a +0 cloak (worn)
 v - a +0 plate armour
 y - a +2 animal skin
 z - a +0 helmet (worn)
 A - a +1 ring mail of fire resistance (worn)
Jewellery
 m - a +2 ring of protection
 F - an uncursed ring of fire
 O - a +5 ring of protection (left hand)
 P - a ring of poison resistance (right hand)
Wands
 B - a wand of digging (5/24)
Scrolls
 j - 3 scrolls of identify {unknown}
 k - a scroll of enchant armour {unknown}
 q - a scroll of amnesia {unknown}
 t - a scroll of remove curse {unknown}
 u - 2 scrolls of recharging {unknown}
 C - 2 scrolls of teleportation {unknown}
Potions
 h - a potion of degeneration {unknown}
 n - a potion of lignification {unknown}
 o - 2 potions of haste {unknown}
 r - a potion of heal wounds {unknown}
 x - 3 potions of curing {unknown}
Comestibles
 g - 3 bread rations {@e1}
 l - a beef jerky {@e2}
 s - 12 chunks of flesh

#.#.#.# #............###
#.....# #...##.##.##....
#...### ######.##.##.###
#...### #...........#
#.....# #.#..>##.##.#
#..##.# #..#..##.##.#
#..##.# ##.##........#
#..##.#######).##.###.##.#
#........).@5...#.###.##.#
#####.#####.###....##.##.#
#....#.####.....#.##.#
####(### #........##.# #
##.....####.. .......##
### #####.## ###


You could see Grinder.


Message History

You hit Grinder.
Grinder is severely wounded.
Grinder hits you but does no damage.
Unknown command.
You closely miss Grinder.
Grinder is severely wounded.
Grinder hits you.
* * * LOW HITPOINT WARNING * * *
Unknown command.
You hit Grinder.
Grinder is severely wounded.
Unknown command.
You hit Grinder but do no damage.
Grinder is severely wounded.
Grinder closely misses you.
Unknown command.
You barely miss Grinder.
Grinder is almost dead.
Grinder hits you but does no damage.
Unknown command.
Grinder gestures at you. You resist with significant effort.
Things that are here:
a club; an orc skeleton Grinder says, "I used to sell toenails on the black market."
Grinder blinks!
You hit Grinder.
Grinder is almost dead.
Grinder hits you!
You die...

Action                   |  1- 3 |  4- 6 || total
-------------------------+-------+-------++-------
Melee: Dagger            |    58 |   114 ||   172
       Falchion          |       |     5 ||     5
 Fire: Blowgun           |     7 |    16 ||    23
Throw: Stone             |    72 |    33 ||   105
 Stab: Sleeping          |     1 |     5 ||     6
  Eat: Chunk             |       |     4 ||     4
Armor: Robe              |     9 |     6 ||    15
       Animal skin       |       |     9 ||     9
       Ring mail         |       |     3 ||     3
Dodge: Dodged            |    26 |    51 ||    77

Vault maps used:
D:1:      elethiomel_arrival_quiet
D:2:      gammafunk_temple_overflow_pools, ecumenical_altar_2, first_bread
D:3:      uniq_terence, uniq_grinder, uniq_robin

Notes
Turn   | Place    | Note
-------+----------+-------------------------------------------
     0 | D:1      | vible the Halfling Assassin began the quest for the Orb.
     0 | D:1      | Reached XP level 1. HP: 14/14 MP: 1/1
   163 | D:1      | Reached skill level 2 in Fighting
   176 | D:1      | Reached XP level 2. HP: 18/19 MP: 2/2
   274 | D:1      | Reached skill level 3 in Short Blades
   513 | D:1      | Reached XP level 3. HP: 21/24 MP: 3/3
   788 | D:2      | Found a hide-covered altar of Uskayaw.
   789 | D:2      | Found a deep blue altar of Sif Muna.
   898 | D:2      | Reached skill level 4 in Short Blades
   977 | D:2      | Found a faded altar of an unknown god.
  1001 | D:2      | Reached XP level 4. HP: 26/30 MP: 4/4
  1394 | D:2      | Upgraded the game from 0.19-a0-1704-gbd66c22 to 0.19-a0-1714-gcab94ab
  1438 | D:3      | Reached XP level 5. HP: 33/35 MP: 5/5
  1490 | D:3      | Noticed Robin
  1501 | D:3      | Killed Robin
  1608 | D:3      | Reached skill level 3 in Fighting
  1943 | D:3      | Reached skill level 2 in Dodging
  1955 | D:3      | Noticed Terence
  1970 | D:3      | Killed Terence
  1970 | D:3      | Reached XP level 6. HP: 42/42 MP: 6/6
  2129 | D:3      | Noticed Grinder
  2143 | D:3      | Paralysed by Grinder for 4 turns
  2159 | D:3      | Slain by Grinder

Vanquished Creatures
  Terence (D:3)
  Robin (D:3)
  4 gnolls
  5 adders
  An ooze (D:3)
  2 worms
  A leopard gecko (D:3)
  6 orcs (D:3)
  3 giant cockroaches (D:2)
  11 goblins
  7 hobgoblins
  5 bats
  6 frilled lizards
  6 kobolds
  8 rats
67 creatures vanquished.
